 Dungeon Crawl Stone Soup version 0.17.0-28-g6e173f8 (webtiles) character file.

104 Ithica the Ruffian (level 4, 0/45 HPs)
             Began as a Troll Berserker on Nov 23, 2015.
             Was a Priest of Trog.
             Slain by a goblin
             ... wielding a +0 club
             ... led by Robin
              (8 damage)
             ... on level 3 of the Dungeon.
             The game lasted 00:11:02 (2216 turns).

Ithica the Ruffian (Troll Berserker)                Turns: 2216, Time: 00:11:02

Health: 0/45       AC:  5    Str: 26    XL:     4   Next: 52%
Magic:  3/3        EV: 10    Int:  3    God:    Trog [***...]
Gold:   97         SH:  0    Dex:  9    Spells: 0 memorised, 3 levels left

rFire  . . .     SeeInvis .     i - +0 whip
rCold  . . .     Clarity  .     a - +0 animal skin
rNeg   . . .     SustAt   .     (no shield)
rPois  .         Gourm    +     (helmet restricted)
rElec  .         Spirit   .     (no cloak)
rCorr  .         Warding  .     (gloves unavailable)
rMut   .         Stasis   .     (boots unavailable)
MR     ++...                    (no amulet)
Stlth  +.........               (no ring)
                                (no ring)

@: exhausted, flying, regenerating, slowed, very slow, very resistant to hostile
enchantments, very unstealthy
A: unfitting armour, claws 3, fast metabolism 3, gourmand, regeneration 2,
shaggy fur 1, tough skin 2
a: Berserk, Trog's Hand, Burn Spellbooks, Renounce Religion


You were on level 3 of the Dungeon.
You worshipped Trog.
Trog was most pleased with you.
You were very full.

You visited 1 branch of the dungeon, and saw 3 of its levels.

You collected 97 gold pieces.

Inventory:

Hand Weapons
 g - a +0 club
 i - a +0 whip (weapon)
 n - a +0 club
 s - a +0 club
 t - a +0 short sword
Missiles
 d - 112 stones (quivered)
Armour
 a - a +0 animal skin (worn)
 e - a +0 leather armour
 f - a cursed +0 ring mail
Jewellery
 l - an uncursed amulet of stasis {unknown}
Wands
 q - a wand of enslavement (5)
Scrolls
 j - 2 scrolls of remove curse {unknown}
 o - a scroll of identify {unknown}
 u - a scroll of teleportation {unknown}
 v - a scroll of fog {unknown}
Potions
 m - 2 potions of heal wounds {unknown}
 r - a potion of beneficial mutation {unknown}
Comestibles
 b - 3 bread rations
 c - 2 meat rations
 k - a beef jerky
 p - 5 fruits
 w - 6 chunks of flesh
 x - a slice of pizza


   Skills:
 + Level 3.0 Fighting
 + Level 1.0 Maces & Flails
 + Level 3.4 Dodging
 + Level 3.5 Unarmed Combat


You had 3 spell levels left.
You didn't know any spells.

Dungeon Overview and Level Annotations

Branches:
Dungeon (3/15)

Altars:

Annotations:
D:3 Robin


Innate Abilities, Weirdness & Mutations

You are too large for most types of armour.
You have claws for hands.
Your metabolism is lightning-fast.
You like to eat raw meat.
You heal very quickly.
You are covered in fur (AC +1).
You have very tough skin (AC +2).


Message History

The goblin is almost dead.
The quokka bites you but does no damage.
The goblin hits you but does no damage. The goblin hits you with a club.
* * * LOW HITPOINT WARNING * * *
The quokka bites you.
* * * LOW HITPOINT WARNING * * *
The goblin hits you with a club.
* * * LOW HITPOINT WARNING * * *
You barely miss the goblin.
The goblin is almost dead.
The goblin hits you with a club.
* * * LOW HITPOINT WARNING * * *
The quokka closely misses you. The goblin hits you but does no damage.
The goblin hits you but does no damage.
The quokka bites you but does no damage.
It was a potion of flight.
You feel very buoyant.
You fly up into the air.
The quokka completely misses you. The goblin hits you with a club!
You die...

### ..## ##
..###..##### ##
...########...........
. #....ggg@g..# ..# ##
......oS##r#.# #.# #.
.............## #.# #.
...###...##...###
#.####. ..
##..##.....####.#....
. ##.!#..##....#.#.##.
..#..#####.....#..
.##..# ####..#.# #...
#....#


You could see Robin, an adder, an orc, a quokka, a hobgoblin (frenzied) and 2
goblins.

Vanquished Creatures
  Ijyb (D:2)
  An adder (D:2)
  An ooze (D:1)
  A worm (D:1)
  7 hobgoblins
  4 kobolds
  2 quokkas
  A ball python (D:2)
  5 bats
  2 giant cockroaches
  A giant newt (D:1)
  11 goblins
  6 jackals (D:2)
  22 rats
65 creatures vanquished.

Notes
Turn   | Place    | Note
--------------------------------------------------------------
     0 | D:1      | Ithica the Troll Berserker began the quest for the Orb.
     0 | D:1      | Reached XP level 1. HP: 22/22 MP: 0/0
   134 | D:1      | Reached XP level 2. HP: 29/29 MP: 1/1
   935 | D:1      | You fall through a shaft!
  1037 | D:2      | Noticed Ijyb
  1062 | D:2      | Killed Ijyb
  1062 | D:2      | Reached XP level 3. HP: 36/36 MP: 2/2
  1098 | D:2      | Reached ** piety under Trog
  1369 | D:2      | Reached XP level 4. HP: 26/44 MP: 3/3
  1802 | D:2      | Reached skill level 1 in Maces & Flails
  2183 | D:3      | Noticed Robin
  2193 | D:3      | Noticed an ogre
  2195 | D:3      | Reached *** piety under Trog
  2216 | D:3      | Slain by a goblin

Action                   |  1- 3 |  4- 6 || total
-------------------------+-------+-------++-------
Melee: Unarmed           |    21 |       ||    21
       Whip              |    99 |    84 ||   183
Invok: Berserk           |     2 |     2 ||     4
       Trog's Hand       |       |     2 ||     2
  Use: Potion            |       |     1 ||     1
  Eat: Chunk             |    15 |     7 ||    22
       Bread ration      |     1 |       ||     1
       Meat ration       |       |     1 ||     1
